 Dungeon Crawl Stone Soup version 0.20.0-15-g7f486f2 (webtiles) character file.

395 sagitran the Shield-Bearer (level 7, -15/54 HPs)
             Began as a Formicid Fighter on June 13, 2017.
             Demolished by a two-headed ogre
             ... wielding a +0 giant club
              (31 damage)
             ... on level 3 of the Dungeon on June 14, 2017.
             The game lasted 00:57:13 (2773 turns).

sagitran the Shield-Bearer (Formicid Fighter)       Turns: 2773, Time: 00:57:13

Health: -15/54     AC:  9    Str: 21    XL:     7   Next: 9%
Magic:  7/7        EV:  9    Int:  8    God:
Gold:   141        SH:  0    Dex: 11    Spells: 6/6 levels left

rFire    . . .     SeeInvis +   a - +0 trident
rCold    . . .     Gourm    .   c - +0 shield
rNeg     . . .     Faith    .   b - +0 scale mail
rPois    .         Spirit   .   (helmet unavailable)
rElec    .         Reflect  .   (no cloak)
rCorr    .         Harm     .   u - +0 pair of gloves
MR       .....                  e - +0 pair of boots
Stlth    ..........             l - amulet of magic regeneration
Regen    0.2/turn               (no ring)
MPRegen  0.2/turn               (no ring)

@: confused
A: permanent stasis, dig shafts and tunnels, four strong arms, antennae 3
a: Dig, Shaft Self


You were on level 3 of the Dungeon.
You were not hungry.

You visited 1 branch of the dungeon, and saw 3 of its levels.

You collected 141 gold pieces.

Inventory:

Hand Weapons
 a - a +0 trident (weapon)
 g - a +2 hunting sling of velocity
 y - a +0 blowgun
Missiles
 r - 152 stones (quivered)
 z - 22 poisoned needles
Armour
 b - a +0 scale mail (worn)
 c - a +0 shield (worn)
 e - a +0 pair of boots (worn)
 u - a +0 pair of gloves (worn)
Jewellery
 l - an amulet of magic regeneration (around neck)
 w - an uncursed amulet of faith
Wands
 t - a wand of disintegration (6/24)
Scrolls
 h - 2 scrolls of remove curse
 j - 2 scrolls of teleportation {unknown}
 n - a scroll of amnesia {unknown}
 p - a scroll of random uselessness {unknown}
 q - a scroll of fog {unknown}
 s - 2 scrolls of enchant weapon {unknown}
 x - a scroll of noise {unknown}
Potions
 d - a potion of might
 k - 2 potions of haste
 m - a potion of heal wounds {unknown}
 o - a potion of magic {unknown}
Comestibles
 f - 2 bread rations
 v - a fruit


   Skills:
 + Level 4.1 Fighting
 + Level 4.7 Polearms
 + Level 4.7 Armour
 + Level 1.2 Dodging
 + Level 0.3 Stealth
 + Level 5.0 Shields


You had 6 spell levels left.
You didn't know any spells.

Dungeon Overview and Level Annotations

Branches:
Dungeon (3/15)

Altars:
Makhleb
Trog


Innate Abilities, Weirdness & Mutations

You cannot be hasted, slowed, berserked, paralysed or teleported.
You can dig through walls and to a lower floor.
Your four strong arms can wield two-handed weapons with a shield.
You have a pair of large antennae on your head. (SInv)


Message History

You block the two-headed ogre's attack.
The two-headed ogre hits you with a giant spiked club!!
You puncture the two-headed ogre!
The two-headed ogre is moderately wounded.
The two-headed ogre hits you with a giant club!
* * * LOW HITPOINT WARNING * * *
The two-headed ogre hits you with a giant spiked club.
* * * LOW HITPOINT WARNING * * *
Okay, then.
It was a potion of ambrosia.
You are confused.
You feel invigorated.
The two-headed ogre hits you but does no damage.
The two-headed ogre hits you with a giant spiked club.
* * * LOW HITPOINT WARNING * * *
You closely miss the two-headed ogre.
The two-headed ogre is moderately wounded.
The two-headed ogre hits you with a giant club!!
Ouch! That really hurt!
You die...

##.###.##.#.######## #.# #.#.
#......################ #.###.#.
#......# ##......)..# #.....#.
#....[.# #.....####.# ##.#.#..
#...##.## ##.##.####.####.#.#..
##...#...####..##.##.....##.#.#..
......)_.......##.##.....##.#....
######...#...#.##.##........#.###
##.##.....O@........####.# #
#......#.##.##.....# #.# #
#......#<##.####.### #.# #
####......#.##.# #.# #.# #
###.#.#.####.#.##.####.######.# #
#...#...# #.#................# #
#.###.### #.##################
...##.# #.# .#....# #.#


You could see a two-headed ogre.

Vanquished Creatures
  Sigmund (D:2)
  A crimson imp (D:2)
  An orc wizard (D:3)
  Ijyb (D:3)
  Robin (D:2)
  4 adders (D:2)
  2 oozes
  A worm (D:2)
  4 dart slugs
  2 leopard geckos (D:1)
  2 orcs (D:3)
  A ball python (D:2)
  10 bats
  4 giant cockroaches
  10 hobgoblins
  2 jackals (D:2)
  A quokka (D:3)
  2 frilled lizards
  14 goblins
  10 kobolds
  7 rats
81 creatures vanquished.

Notes
Turn   | Place    | Note
-------+----------+-------------------------------------------
     0 | D:1      | sagitran the Formicid Fighter began the quest for the Orb.
     0 | D:1      | Reached XP level 1. HP: 18/18 MP: 1/1
   157 | D:1      | Reached XP level 2. HP: 24/24 MP: 2/2
   426 | D:1      | Reached XP level 3. HP: 30/30 MP: 3/3
   671 | D:1      | Reached skill level 4 in Shields
  1037 | D:2      | Found a burning altar of Makhleb.
  1044 | D:2      | Reached XP level 4. HP: 36/37 MP: 4/4
  1079 | D:2      | Noticed Robin
  1129 | D:2      | Reached XP level 5. HP: 15/42 MP: 5/5
  1144 | D:2      | Killed Robin
  1407 | D:2      | Noticed Sigmund
  1430 | D:2      | Killed Sigmund
  1430 | D:2      | Reached skill level 1 in Dodging
  1430 | D:2      | Reached XP level 6. HP: 48/48 MP: 6/6
  2039 | D:3      | Noticed Ijyb
  2068 | D:3      | Killed Ijyb
  2068 | D:3      | Reached skill level 5 in Shields
  2108 | D:3      | Reached XP level 7. HP: 38/54 MP: 7/7
  2172 | D:3      | Found a bloodstained altar of Trog.
  2763 | D:3      | Noticed a two-headed ogre
  2773 | D:3      | Demolished by a two-headed ogre

Skill      XL: |  1  2  3  4  5  6 |
---------------+-------------------+-----
Shields        | 4 5 |  5.0
Polearms       | 3 4 |  4.7
Armour         | 4 |  4.7
Fighting       | 4 |  4.1
Dodging        | 1 |  1.2
Stealth        | |  0.3

Action                   |  1- 3 |  4- 6 |  7- 9 || total
-------------------------+-------+-------+-------++-------
Melee: Trident           |    97 |   163 |    39 ||   299
 Fire: Hunting sling     |       |     3 |     3 ||     6
  Use: Scroll            |     2 |     1 |       ||     3
       Potion            |       |     2 |     1 ||     3
 Stab: Invisible         |       |     1 |       ||     1
  Eat: Fruit             |     1 |       |       ||     1
       Bread ration      |       |     1 |       ||     1
       Royal jelly       |       |       |     1 ||     1
Armor: Scale mail        |    27 |    42 |    10 ||    79
Dodge: Dodged            |    24 |    58 |     9 ||    91
Block: Shield            |    25 |    70 |    14 ||   109
